 Dungeon Crawl Stone Soup version 0.31-a0-971-g75a2e9a4b4 (webtiles) character file.

Game seed: 18372126146121861834

15018 RepoMan the Grappler (level 12, -3/75 HPs)
             Began as a Kobold Cinder Acolyte on Oct 28, 2023.
             Was an Initiate of Ignis.
             Engulfed by a cloud of freezing vapour (8 damage)
             ... in an ice cave.
             The game lasted 01:32:54 (15766 turns).

RepoMan the Grappler (Kobold Cinder Acolyte)       Turns: 15766, Time: 01:32:55

Health: -3/75      AC:  7    Str: 13    XL:     12   Next: 52%
Magic:  13/13      EV: 24    Int: 17    God:    Ignis [......]
Gold:   353        SH:  5    Dex: 15    Spells: 11/13 levels left

rFire   + +          .
                       - Unarmed
rCold   + . .        d - +0 buckler
rNeg    . . .        h - +2 robe {rC+ rF+}
rPois   .            (no helmet)
rElec   .            c - +0 cloak
rCorr   .            A - +1 pair of gloves {Dex+3}
SInv    .            (no boots)
Will    .....        f - amulet of the acrobat
Stlth   +++          t - +5 ring of evasion
HPRegen 0.32/turn    (no ring)
MPRegen 0.13/turn

%: acrobat
@: about to teleport
A: small, no large weapons, nightstalker 3
a: Renounce Religion


You were in an ice cave.
You worshipped Ignis.
Ignis was noncommittal.
You visited 3 branches of the dungeon, and saw 13 of its levels.
You also visited: Ice Cave.

You collected 553 gold pieces.
You spent 200 gold pieces at shops.

Inventory:

Hand Weapons
 i - a +2 dagger of venom
Missiles
 b - 74 stones
 g - 11 boomerangs
 u - 44 poisoned darts
Armour
 a - a +0 troll leather armour
 c - a +0 cloak (worn)
 d - a +0 buckler (worn)
 h - a +2 robe of resistance (worn)
 s - a +1 scale mail of cold resistance
 A - a +1 pair of gloves of dexterity (worn)
Magical Staves
 l - a staff of cold
Jewellery
 f - an amulet of the acrobat (around neck)
 n - a ring of fire
 t - a +5 ring of evasion (left hand)
 B - an amulet of magic regeneration
Talismans
 F - a blade talisman
Wands
 e - a wand of digging (1)
 x - a wand of mindburst (4)
 E - a wand of flame (11)
Scrolls
 j - a scroll of acquirement {unknown}
 q - 3 scrolls of amnesia
 r - a scroll of enchant armour {unknown}
 y - 3 scrolls of teleportation
 z - 2 scrolls of vulnerability
 D - a scroll of poison
 I - a scroll of silence {unknown}
 J - a scroll of butterflies {unknown}
Potions
 k - 2 potions of might {unknown}
 m - 2 potions of resistance {unknown}
 o - a potion of haste {unknown}
 p - a potion of attraction
 v - a potion of brilliance {unknown}
 w - 2 potions of cancellation {unknown}
 C - a potion of berserk rage {unknown}


   Skills:
 + Level 8.8 Fighting
 + Level 9.5 Dodging
 - Level 3.3 Stealth
 + Level 5.9 Shields
 * Level 13.2 Unarmed Combat
 - Level 1.1 Spellcasting
 - Level 5.5 Fire Magic
 + Level 5.0 Evocations


You had 11 spell levels left.
You knew the following spells:

 Your Spells              Type           Power      Damage    Failure   Level
r - Scorch                Fire           38%        2d6       4%          2

Your spell library contained the following spells:

 Spells                   Type           Power      Damage    Failure   Level
 Slow                     Hex            0%         N/A       28%         1
 Sublimation of Blood     Necr           0%         N/A       38%         2
 Wereblood                Tmut           0%         N/A       38%         2
 Confusing Touch          Hex            0%         N/A       63%         3
 Sigil of Binding         Hex            0%         N/A       63%         3
 Vampiric Draining        Necr           0%         2d6       63%         3
 Summon Hydra             Summ           0%         N/A       100%        7


Dungeon Overview and Level Annotations

Branches:
Dungeon (11/15)            Temple (1/1) D:7            Lair (1/5) D:9
    Orc (0/2) D:9           IceCv (1/1)

Altars:
Ashenzari
Cheibriados
Dithmenos
Elyvilon
Fedhas
Gozag
Hepliaklqana
Kikubaaqudgha
Makhleb
Nemelex Xobeh
Okawaru
Qazlal
Ru
Sif Muna
Trog
Uskayaw
Vehumet
Wu Jian
Xom
Yredelemnul
Zin
The Shining One

Shops:
D:2 :   D:5 *   D:7 *

Annotations:
D:3 ongoing's ghost, weakling OpSh
D:6 Maggie
D:9 exclusions: arcanist and crimson imp
D:11 Erolcha
Lair:1 exclusion: hydra IceCv exclusion: death yak


Innate Abilities, Weirdness & Mutations

You are small and have problems with some larger weapons.
You are completely attuned to the shadows.


Message History

You see here a staff of cold.
l - a staff of cold You see here 2 large rocks.
Found 77 gold pieces.
You now have 296 gold pieces (gained 20).
You now have 314 gold pieces (gained 18).
You now have 328 gold pieces (gained 14).
You now have enough gold to buy the Writings on Injurious Portals on D:2.
You can access your shopping list by pressing '$'.
You now have 353 gold pieces (gained 25).
A death yak comes into view.
Press: ? - help, . - travel You can't see that place. [the floor.] Placed new exclusion.
You see here a yak corpse.
You see here a yak corpse.
You see here a yak corpse.
You are engulfed in freezing vapours.
You resist.
You can't wield that with only one hand.
You are engulfed in freezing vapours.
You resist.
You are engulfed in freezing vapours.
You resist.
You are engulfed in freezing vapours.
You resist.
You are engulfed in freezing vapours.
You resist.
You are engulfed in freezing vapours.
You resist.
You are engulfed in freezing vapours.
You resist.
* * * LOW HITPOINT WARNING * * *
Unknown command.
Okay, then.
You feel better.
You are engulfed in freezing vapours.
You resist.
* * * LOW HITPOINT WARNING * * *
As you read the scroll of teleportation, it crumbles to dust.
You feel strangely unstable.
You are engulfed in freezing vapours.
You resist.
* * * LOW HITPOINT WARNING * * *
Okay, then.
Aiming: Throw Flame
Press: ? - help, Shift-Dir - straight line You hear a sizzling sound!
You are engulfed in freezing vapours.
You resist.
You die...

#. ## #
#. §#
##☼ ##☼#
#☼@##
##§§.#
#§§§§#
##
##§°§##
#.
#°§§§○#
##.
#○§§.§#
#.#
###°.°##
##.#
#§§.§##
#.##
##○§.§#
#..#


There were no monsters in sight!

Vanquished Creatures
  A centaur warrior (D:9)
  Pikel (D:8)
  A black mamba (Lair:1)
  A rime drake (IceCv)
  A kobold demonologist (D:9)
  A komodo dragon (D:9)
  5 polar bears (IceCv)
  A troll (D:10)
  A vampire (D:9)
  A wyvern (D:8)
  33 yaks
  2 wraiths
  A steam dragon (D:9)
  2 vampire mosquitoes
  Menkaure (D:4)
  A water moccasin (D:9)
  3 orc warriors
  A hornet zombie (D:3)
  2 ice beasts
  A black bear (D:4)
  A sky beast (D:8)
  12 wolves (IceCv)
  2 ogres
  A phantom (D:7)
  4 centaurs
  3 lemures (D:8)
  5 kobold brigands
  6 bullfrogs
  2 scorpions
  19 wights
  10 killer bees
  A howler monkey (D:5)
  9 electric eels (D:9)
  A bullfrog zombie (D:3)
  A centaur skeleton (D:3)
  A jelly (D:5)
  2 orc priests
  A bullfrog skeleton (D:3)
  2 iguanas (D:6)
  8 orc wizards
  Robin (D:4)
  10 gnolls
  8 adders
  A shadow imp (D:6)
  2 white imps
  2 ufetubi (D:5)
  A worm (D:3)
  2 dart slugs
  24 orcs
  7 ball pythons
  2 endoplasms
  2 giant cockroaches
  10 hobgoblins
  4 jackals
  25 kobolds
  4 quokkas
  6 bats
  7 frilled lizards
  19 goblins
  4 rats
293 creatures vanquished.

Vanquished Creatures (others)
  An iguana (D:9)
  73 foxfires
74 creatures vanquished.

Grand Total: 367 creatures vanquished

Notes
Turn   | Place    | Note
-------+----------+-------------------------------------------
     0 | D:1      | RepoMan the Kobold Cinder Acolyte began the quest for the
                  | Orb.
     0 | D:1      | Reached XP level 1. HP: 14/14 MP: 2/2
   287 | D:1      | Reached XP level 2. HP: 18/19 MP: 3/3
   296 | D:1      | Reached skill level 1 in Stealth
   299 | D:1      | Learned a level 2 spell: Scorch
   475 | D:1      | Reached XP level 3. HP: 11/23 MP: 4/4
   655 | D:1      | Found a faded altar of an unknown god.
  1089 | D:2      | Found Lol Ampi's Book Boutique.
  1117 | D:2      | Found a broken altar of Ashenzari.
  1211 | D:2      | Reached skill level 4 in Unarmed Combat
  1211 | D:2      | Reached XP level 4. HP: 27/28 MP: 5/5
  1710 | D:2      | Reached XP level 5. HP: 30/32 MP: 6/6
  1868 | D:2      | You fall into a shaft and drop 1 floor!
  2739 | D:3      | Found a runed translucent gate.
  2739 | D:3      | Found a runed translucent gate.
  2739 | D:3      | Found a runed translucent gate.
  2992 | D:3      | Noticed ongoing's ghost (weakling OpSh)
  3007 | D:3      | Reached skill level 5 in Unarmed Combat
  3011 | D:3      | Reached skill level 1 in Shields
  3011 | D:3      | Reached XP level 6. HP: 11/37 MP: 4/7
  3163 | D:4      | Noticed a black bear
  3258 | D:4      | Noticed an ogre
  3289 | D:5      | Entered Level 5 of the Dungeon
  3383 | D:5      | Reached XP level 7. HP: 24/41 MP: 3/8
  3476 | D:5      | Reached skill level 6 in Unarmed Combat
  3514 | D:5      | Reached XP level 8. HP: 39/48 MP: 2/9
  3654 | D:4      | Noticed Robin
  3682 | D:4      | Reached skill level 1 in Dodging
  3683 | D:4      | Killed Robin
  3887 | D:4      | Noticed Menkaure
  3895 | D:4      | Killed Menkaure
  4055 | D:4      | Reached skill level 7 in Unarmed Combat
  4055 | D:4      | Reached skill level 5 in Fire Magic
  5043 | D:5      | Found Zuproexiuc's CLEARANCE SALE!.
  5048 | D:5      | Bought a wand of mindburst (11) for 92 gold pieces
  5357 | D:6      | Reached XP level 9. HP: 53/53 MP: 5/10
  5465 | D:6      | Reached skill level 5 in Fighting
  5644 | D:6      | Noticed Maggie
  5730 | D:6      | Reached skill level 8 in Unarmed Combat
  6071 | D:6      | Found a sparkling altar of Nemelex Xobeh.
  8042 | D:7      | Reached skill level 9 in Unarmed Combat
  8042 | D:7      | Reached XP level 10. HP: 45/59 MP: 0/11
  8166 | D:7      | Reached skill level 5 in Dodging
  8379 | D:7      | Found a staircase to the Ecumenical Temple.
  8385 | Temple   | Entered the Ecumenical Temple
  8485 | D:7      | Found Utasympoiri's Assorted Antiques.
  8490 | D:7      | Bought an ivory wand for 108 gold pieces
  9585 | D:8      | Noticed Pikel
  9647 | D:8      | Killed Pikel
 10203 | D:9      | Reached skill level 10 in Unarmed Combat
 10328 | D:9      | Found a staircase to the Orcish Mines.
 10391 | D:9      | Reached skill level 5 in Shields
 10563 | D:9      | Noticed a kobold demonologist
 10567 | D:9      | Killed a kobold demonologist
 10840 | D:9      | Found a white marble altar of Elyvilon.
 10919 | D:9      | Reached XP level 11. HP: 45/66 MP: 6/12
 10922 | D:9      | Reached skill level 11 in Unarmed Combat
 10998 | D:9      | Noticed a centaur warrior
 11008 | D:9      | Killed a centaur warrior
 11462 | D:9      | Found a staircase to the Lair.
 11633 | D:9      | Reached skill level 1 in Evocations
 11716 | D:9      | Noticed an arcanist
 12191 | D:9      | Found an ornate altar of the Wu Jian Council.
 12210 | D:9      | Found a burning altar of Makhleb.
 12238 | D:9      | Found a blossoming altar of Fedhas.
 12628 | D:10     | Entered Level 10 of the Dungeon
 12667 | D:10     | Reached skill level 12 in Unarmed Combat
 12792 | D:10     | Found an opulent altar of Gozag.
 13913 | D:10     | Found a glowing silver altar of Zin.
 14175 | D:11     | Noticed Erolcha
 14263 | Lair:1   | Entered Level 1 of the Lair of Beasts
 14271 | Lair:1   | Noticed a six-headed hydra
 14292 | Lair:1   | Found a frozen archway.
 14302 | Lair:1   | Reached XP level 12. HP: 73/73 MP: 13/13
 14318 | IceCv    | Entered an ice cave
 15072 | IceCv    | Reached skill level 13 in Unarmed Combat
 15460 | IceCv    | Reached skill level 5 in Evocations
 15635 | IceCv    | Noticed a death yak
 15766 | IceCv    | Engulfed by a cloud of freezing vapour

Illustrated notes

Levels and vault maps discovered:
D:1:      nagdon_arrival_zigzag_paths, layout_loops_ring,
          nicolae_ecumenical_snake_handling
D:2:      layout_loops_ring, basic_altar, serial_shops, shop
D:3:      layout_basic, gammafunk_ghost_necromancy
D:4:      corexii_shack_village, layout_rooms, uniq_menkaure, uniq_robin
D:5:      layout_basic, nicolae_shop_clearance
D:6:      layout_loops_cross, mainiacjoe_overflow_boulevard,
          minmay_crystal_room, kennysheep_nondescript,
          ebering_dispersal_statue_hall, bh_walls_and_bars, uniq_maggie
D:7:      layout_basic, minmay_temple_entry_purple_smoke, serial_shops, shop,
          serial_co_window_serial, co_window_paths_a, co_window_corner_a,
          co_window_corner_a, co_window_corner_a, co_window_paths_a,
          co_window_paths_a, co_window_paths_a, co_window_paths_b,
          co_window_paths_a, co_window_of_opportunity_b, co_window_broadway_c,
          co_window_corner_cb, co_window_corner_b, co_window_corner_b,
          co_window_paths_c, co_window_broadway_a, glass_columns_c,
          glass_columns_b, glass_columns_c, glass_columns_c, glass_columns_c
D:8:      wander_river, layout_cave_pods, uniq_pikel
D:9:      minmay_angry_zag, layout_gridville, nicolae_overflow_quartered_altars,
          david_lair_shrubbed, orc_0_dummy, serial_bayou, serial_bayou_lake_a,
          serial_bayou_crossing, serial_bayou_pond_d, serial_bayou_pond_c,
          special_room [special_room_kobold], lightli_wizard_tower
D:10:     layout_basic, pdpol_temple_overflow_zin_treasury_gozag_greed,
          minmay_misc_feat_five, kennysheep_generic_room_3
D:11:     layout_basic, uniq_erolcha
Temple:   minmay_freezing_vapour_temple
Lair:1:   layout_misc_corridors, portal_ice_cave_entry_pillars_1,
          grunt_megastairs_5
IceCv:    ice_cave_caverns_01

Skill      XL: |  1  2  3  4  5  6  7  8  9 10 11 12 |
---------------+-------------------------------------+-----
Stealth        | 1 2 3 |  3.3
Unarmed Combat | 4 5 6 7 9 10 12 13 | 13.2
Shields        | 1 2 3 4 5 |  5.9
Fire Magic     | 4 5 |  5.5
Fighting       | 4 6 8 |  8.8
Dodging        | 2 4 6 8 9 |  9.5
Evocations     | 3 5 |  5.0
Spellcasting   | |  1.1

Action                     |  1- 3 |  4- 6 |  7- 9 | 10-12 || total
---------------------------+-------+-------+-------+-------++-------
  Melee: Unarmed           |    45 |   109 |   165 |   324 ||   643
         Dagger            |    43 |    11 |       |       ||    54
         Punch             |       |     2 |       |       ||     2
  Throw: Dart              |       |     2 |    13 |    38 ||    53
         Boomerang         |       |       |     2 |    10 ||    12
         Stone             |       |       |     2 |       ||     2
   Cast: Scorch            |       |    13 |   104 |   213 ||   330
 Invoke: Fiery Armour      |     1 |     1 |     3 |       ||     5
         Foxfire Swarm     |       |     3 |     2 |       ||     5
         Rising Flame      |       |       |       |     1 ||     1
  Evoke: Wand              |       |       |     9 |    39 ||    48
    Use: Scroll            |       |     7 |     2 |    12 ||    21
         Potion            |       |       |       |     6 ||     6
   Stab: Sleeping          |     8 |    10 |     3 |     3 ||    24
         Invisible         |       |       |     3 |     2 ||     5
 Armour: Robe              |    38 |    53 |       |    31 ||   122
         Leather armour    |       |    23 |    89 |    92 ||   204
         Troll leather arm |       |       |       |     8 ||     8
         Scale mail        |       |       |       |    52 ||    52
  Dodge: Dodged            |    56 |    81 |   143 |   418 ||   698
  Block: Buckler           |       |    16 |    37 |   112 ||   165

Table legend: (Time is in decaauts)
 A = Elapsed time spent in this place.
 B = Non-inter-level travel time spent in this place.
 C = Inter-level travel time spent in this place.
 D = Time resting spent in this place.
 E = Time spent auto-exploring this place.
 F = Levels seen in this place.
 G = Mean time per level.
                   A        B        C        D        E       F      G
               +--------+--------+--------+--------+--------+-----+--------+
         Total |  15824 |  15190 |    634 |   3719 |   7082 |  14 | 1130.3 |
       Dungeon |  14353 |  13719 |    634 |   3072 |   6966 |  11 | 1304.8 |
        Temple |      1 |      1 |      0 |      0 |      0 |   1 |    1.0 |
          Lair |     53 |     53 |      0 |      0 |      0 |   1 |   53.0 |
      Ice Cave |   1415 |   1415 |      0 |    647 |    116 |   1 | 1415.0 |
               +--------+--------+--------+--------+--------+-----+--------+

Top non-repeatable levels by time:
     D:9: 2410 daAuts
     D:8: 1849 daAuts
     D:7: 1471 daAuts
   IceCv: 1415 daAuts
     D:5: 1402 daAuts
     D:6: 1386 daAuts
    D:10: 1255 daAuts
     D:4: 1249 daAuts
     D:3: 1116 daAuts
     D:2: 1110 daAuts
     D:1: 1050 daAuts
  Lair:1: 53 daAuts
    D:11: 50 daAuts
  Temple: 1 daAuts
